AoeStats
← champyinz21

MegaRandom

506477458Analyzed
3v3 RM · 1mo ago on Sep 13, 2026· 20m 11s· 6 players
Game mode
Random Map
Map size
Normal (6 player)
Population
200
Speed
Normal
Resources
Standard
Victory
Conquest
Starting age
Dark Age
Ending age
Imperial Age
RankedLock teamsTeams togetherTeam positionsShared explorationLock speedFull tech treeHidden civsTurbo modeCheats
Victory
Defeat
🇺🇸 Vikings · United States
1693
+11
🇺🇸 Spanish · United States
1676
+12
🇳🇱 Byzantines · Netherlands
1651
+13
vs
🇩🇪 Magyars · Germany
1611
-14
🇩🇪 Burmese · Germany
1586
-12
🇩🇪 Italians · Germany
1542
-10
[FaFi] waldsee
6:42 Loom
10:06 Feudal Age
13:32 Fletching
14:17 Padded Archer Armor
15:11 Town Watch
[FaFi] DeineMoM
10:04 Feudal Age
8:34 Loom
10:48 Double-Bit Axe
12:22 Horse Collar
[FaFi] thomas.3
6:21 Loom
9:06 Feudal Age
15:28 Fletching
18:25 Padded Archer Armor
dyatos
6:50 Loom
11:51 Feudal Age
12:25 Double-Bit Axe
12:02 Man-at-Arms
13:51 Fletching
15:29 Padded Archer Armor
22:09 Castle Age
20:22 Gold Mining
Leo
7:42 Loom
10:19 Feudal Age
10:57 Double-Bit Axe
11:30 Horse Collar
14:49 Scale Barding Armor
17:28 Forging
champyinz21
7:21 Loom
9:57 Feudal Age
12:24 Double-Bit Axe
12:36 Fletching
17:17 Padded Archer Armor
18:22 Wheelbarrow
Connection lost

Rejoining the realm…

Still unreachable

The connection could not be restored.

Session expired

The server has moved on; the page needs a fresh start.